PL
NORTHERN VIRGINIA RAINBOW MERMAIDS @ PANAMA CITY PIRANHAS
09/06/2029
 
TOP OF THE 1ST
Northern Virginia Rainbow Mermaids batting - Pitching for Panama City Piranhas : RHP John Dempsey
Pitching: RHP John Dempsey
Batting: RHB Brett Callison 0-0: Called Strike
0-1: Ball
1-1: Foul Ball, location: 2F
1-2: Foul Ball, location: 2F
1-2: Strikes out swinging
Batting: LHB Ty Tomblin 0-0: Ball
1-0: Ball
2-0: SINGLE (Groundball, 6D)
Batting: RHB Alfredo Pizarro 0-0: Foul Ball, location: 2F
0-1: Swinging Strike
0-2: Strikes out looking
Batting: LHB Roberto Sánchez 0-0: Ball
Ty Tomblin steals 2nd base
1-0: Foul Ball, location: 2F
1-1: Swinging Strike
1-2: Strikes out swinging
Top of the 1st over - 0 runs, 1 hit, 0 errors, 1 left on base; Northern Virginia 0 - Panama City 0
BOTTOM OF THE 1ST
Panama City Piranhas batting - Pitching for Northern Virginia Rainbow Mermaids : RHP Mimosa Joseph
Pitching: RHP Mimosa Joseph
Batting: RHB Juan Jose Ayala 0-0: Foul Ball, location: 2F
0-1: Ball
1-1: Ball
2-1: Ball
3-1: Base on Balls
Batting: RHB Baldomero Avino 0-0: Swinging Strike
0-1: Grounds into double play, 6-4-3 (Groundball, 6)
Batting: LHB Sergio Muńóz 0-0: Called Strike
0-1: Swinging Strike
0-2: Ball
1-2: Foul Ball, location: 2F
1-2: SINGLE (Flyball, 89S)
Batting: RHB Cale Sutton 0-0: Called Strike
0-1: Ground out 4-3 (Groundball, 34)
Bottom of the 1st over - 0 runs, 1 hit, 0 errors, 1 left on base; Northern Virginia 0 - Panama City 0
TOP OF THE 2ND
Northern Virginia Rainbow Mermaids batting - Pitching for Panama City Piranhas : RHP John Dempsey
Batting: SHB Eustacio Tafalla 0-0: Ball
1-0: Called Strike
1-1: Swinging Strike
1-2: Ball
2-2: Foul Ball, location: 2F
2-2: Strikes out looking
Batting: RHB Ed Adams 0-0: Ball
1-0: DOUBLE (Flyball, 89XD)
Batting: LHB Guillermo Arellano 0-0: Called Strike
0-1: Ball
1-1: Ball
2-1: Foul Ball, location: 2F
2-2: Foul Ball, location: 2F
2-2: Ball
3-2: Strikes out looking
Batting: RHB Lionel McCloud 0-0: Called Strike
0-1: Ball
1-1: Swinging Strike
1-2: Foul Ball, location: 2F
1-2: Strikes out swinging
Top of the 2nd over - 0 runs, 1 hit, 0 errors, 1 left on base; Northern Virginia 0 - Panama City 0
BOTTOM OF THE 2ND
Panama City Piranhas batting - Pitching for Northern Virginia Rainbow Mermaids : RHP Mimosa Joseph
Batting: LHB Jack Sutherland 0-0: Ball
1-0: Ball
2-0: Foul Ball, location: 2F
2-1: Foul Ball, location: 2F
2-2: Ball
3-2: Strikes out swinging
Batting: RHB Armando Alvarado 0-0: Called Strike
0-1: Fly out, F8 (Flyball, 8LM)
Batting: SHB Tsing Guao 0-0: Called Strike
0-1: Ball
1-1: Foul Ball, location: 2F
1-2: Foul Ball, location: 2F
1-2: Foul Ball, location: 2F
1-2: Ball
2-2: Ground out 3-1 (Groundball, 34)
Bottom of the 2nd over - 0 runs, 0 hits, 0 errors, 0 left on base; Northern Virginia 0 - Panama City 0
TOP OF THE 3RD
Northern Virginia Rainbow Mermaids batting - Pitching for Panama City Piranhas : RHP John Dempsey
Batting: RHB Colt Cabana 0-0: SINGLE (Groundball, 56D)
Batting: RHB Brett Callison 0-0: Called Strike
Colt Cabana steals 2nd base
0-1: Foul Ball, location: 2F
0-2: Foul Ball, location: 2F
0-2: Ball
1-2: Ball
2-2: Ground out 5-3 (Groundball, 56)
Batting: LHB Ty Tomblin 0-0: Ball
1-0: Fly out, F8 (Line Drive, 8LS)
Batting: RHB Alfredo Pizarro 0-0: Called Strike
0-1: Ball
1-1: Called Strike
1-2: Foul Ball, location: 2F
1-2: Ball
2-2: SINGLE (Line Drive, 78S)
Colt Cabana to third
Runner from 3rd tries for Home, SAFE, no throw
Batting: LHB Roberto Sánchez 0-0: Called Strike
0-1: Ball
1-1: Fly out, F7 (Line Drive, 7)
Top of the 3rd over - 1 run, 2 hits, 0 errors, 1 left on base; Northern Virginia 1 - Panama City 0
BOTTOM OF THE 3RD
Panama City Piranhas batting - Pitching for Northern Virginia Rainbow Mermaids : RHP Mimosa Joseph
Batting: RHB Fernando Silva 0-0: SINGLE (Line Drive, 78S)
Batting: RHB Darrell Terwey 0-0: Ball
1-0: Ball
2-0: Grounds into double play, 6-4-3 (Groundball, 6)
Batting: RHB Juan Jose Ayala 0-0: Called Strike
0-1: Foul Ball, location: 2F
0-2: SINGLE (Line Drive, 56D)
Batting: RHB Baldomero Avino 0-0: Called Strike
0-1: Foul Ball, location: 2F
0-2: SINGLE (Line Drive, 8LS)
Juan Jose Ayala to second
Juan Jose Ayala to third
Batting: LHB Sergio Muńóz 0-0: Ground out 4-3 (Groundball, 4S)
Bottom of the 3rd over - 0 runs, 3 hits, 0 errors, 2 left on base; Northern Virginia 1 - Panama City 0
TOP OF THE 4TH
Northern Virginia Rainbow Mermaids batting - Pitching for Panama City Piranhas : RHP John Dempsey
Batting: SHB Eustacio Tafalla 0-0: Ball
1-0: Fly out, F8 (Flyball, 8LD)
Batting: RHB Ed Adams 0-0: Called Strike
0-1: Swinging Strike
0-2: Ball
1-2: Ball
2-2: Ball
3-2: Foul Ball, location: 2F
3-2: Strikes out swinging
Batting: LHB Guillermo Arellano 0-0: Called Strike
0-1: Swinging Strike
0-2: Strikes out looking
Top of the 4th over - 0 runs, 0 hits, 0 errors, 0 left on base; Northern Virginia 1 - Panama City 0
BOTTOM OF THE 4TH
Panama City Piranhas batting - Pitching for Northern Virginia Rainbow Mermaids : RHP Mimosa Joseph
Batting: RHB Cale Sutton 0-0: Ball
1-0: Ball
2-0: Called Strike
2-1: Foul Ball, location: 2F
2-2: Strikes out swinging
Batting: LHB Jack Sutherland 0-0: Ball
1-0: Foul Ball, location: 2F
1-1: Ground out 6-3 (Groundball, 6)
Batting: RHB Armando Alvarado 0-0: Foul Ball, location: 2F
0-1: Called Strike
0-2: Strikes out swinging
Bottom of the 4th over - 0 runs, 0 hits, 0 errors, 0 left on base; Northern Virginia 1 - Panama City 0
TOP OF THE 5TH
Northern Virginia Rainbow Mermaids batting - Pitching for Panama City Piranhas : RHP John Dempsey
Batting: RHB Lionel McCloud 0-0: Called Strike
0-1: Swinging Strike
0-2: Ball
1-2: Foul Ball, location: 2F
1-2: Foul Ball, location: 2F
1-2: Foul Ball, location: 2F
1-2: Strikes out swinging
Batting: RHB Colt Cabana 0-0: SINGLE (Line Drive, 56)
Batting: RHB Brett Callison 0-0: Ball
1-0: Foul Ball, location: 2F
1-1: Ball
2-1: Foul Ball, location: 2F
2-2: Fly out, F5 (Popup, 25F)
Batting: LHB Ty Tomblin 0-0: Ball
1-0: Fly out, F5 (Flyball, 5D)
Top of the 5th over - 0 runs, 1 hit, 0 errors, 1 left on base; Northern Virginia 1 - Panama City 0
BOTTOM OF THE 5TH
Panama City Piranhas batting - Pitching for Northern Virginia Rainbow Mermaids : RHP Mimosa Joseph
Batting: SHB Tsing Guao 0-0: SINGLE (Groundball, 34D)
Batting: RHB Fernando Silva 0-0: Foul Ball, location: 2F
0-1: Ball
1-1: Called Strike
1-2: Ball
2-2: Strikes out looking
Batting: RHB Darrell Terwey 0-0: Called Strike
0-1: Foul Ball, location: 2F
0-2: Strikes out swinging
Batting: RHB Juan Jose Ayala 0-0: Called Strike
0-1: Ball
1-1: Ball
2-1: SINGLE (Groundball, 56D)
Tsing Guao to second
Batting: RHB Baldomero Avino 0-0: Foul Ball, location: 2F
0-1: Foul Ball, location: 2F
0-2: Strikes out swinging
Bottom of the 5th over - 0 runs, 2 hits, 0 errors, 2 left on base; Northern Virginia 1 - Panama City 0
TOP OF THE 6TH
Northern Virginia Rainbow Mermaids batting - Pitching for Panama City Piranhas : RHP John Dempsey
Batting: RHB Alfredo Pizarro 0-0: Ball
1-0: Ball
2-0: Swinging Strike
2-1: Swinging Strike
2-2: Foul Ball, location: 2F
2-2: Strikes out looking
Batting: LHB Roberto Sánchez 0-0: Foul Ball, location: 2F
0-1: Foul Ball, location: 2F
0-2: Strikes out swinging
Batting: SHB Eustacio Tafalla 0-0: Swinging Strike
0-1: Called Strike
0-2: Strikes out looking
Top of the 6th over - 0 runs, 0 hits, 0 errors, 0 left on base; Northern Virginia 1 - Panama City 0
BOTTOM OF THE 6TH
Panama City Piranhas batting - Pitching for Northern Virginia Rainbow Mermaids : RHP Mimosa Joseph
Batting: LHB Sergio Muńóz 0-0: Ball
1-0: Foul Ball, location: 2F
1-1: Swinging Strike
1-2: Ball
2-2: Ground out 5-3 (Groundball, 56)
Batting: RHB Cale Sutton 0-0: Called Strike
0-1: Ball
1-1: SINGLE (Groundball, 25) (infield hit)
Batting: LHB Jack Sutherland 0-0: Foul Ball, location: 2F
0-1: Called Strike
0-2: Ball
1-2: Strikes out looking
Batting: RHB Armando Alvarado 0-0: Ball
1-0: Fly out, F9 (Flyball, 9LDF)
Bottom of the 6th over - 0 runs, 1 hit, 0 errors, 1 left on base; Northern Virginia 1 - Panama City 0
TOP OF THE 7TH
Northern Virginia Rainbow Mermaids batting - Pitching for Panama City Piranhas : RHP John Dempsey
Batting: RHB Ed Adams 0-0: Ball
1-0: Fly out, F9 (Flyball, 9S)
Batting: LHB Guillermo Arellano 0-0: Called Strike
0-1: Called Strike
0-2: Ball
1-2: Foul Ball, location: 2F
1-2: Foul Ball, location: 2F
1-2: Foul Ball, location: 2F
1-2: Ground out 1-6-3 (Groundball, 15S)
Batting: RHB Lionel McCloud 0-0: Fly out, F7 (Flyball, 7D)
Top of the 7th over - 0 runs, 0 hits, 0 errors, 0 left on base; Northern Virginia 1 - Panama City 0
BOTTOM OF THE 7TH
Panama City Piranhas batting - Pitching for Northern Virginia Rainbow Mermaids : RHP Mimosa Joseph
Now in RF: Shohei Kiyomizu
Batting: SHB Tsing Guao 0-0: Ball
1-0: Foul Ball, location: 2F
1-1: Called Strike
1-2: Foul Ball, location: 2F
1-2: Ball
2-2: Foul Ball, location: 2F
2-2: Ball
3-2: Ground out 4-3 (Groundball, 4)
Batting: RHB Fernando Silva 0-0: Ball
1-0: SINGLE (Groundball, 6M) (infield hit)
Pitching: RHP Christian Mustard
Batting: RHB Darrell Terwey 0-0: Ball
1-0: Ball
2-0: Foul Ball, location: 2F
2-1: Foul Ball, location: 2F
2-2: Strikes out swinging
Batting: RHB Juan Jose Ayala 0-0: Ball
1-0: Foul Ball, location: 2F
1-1: Ball
Fernando Silva steals 2nd base
2-1: Called Strike
2-2: Ground out 5-3 (Groundball, 5)
Bottom of the 7th over - 0 runs, 1 hit, 0 errors, 1 left on base; Northern Virginia 1 - Panama City 0
TOP OF THE 8TH
Northern Virginia Rainbow Mermaids batting - Pitching for Panama City Piranhas : RHP John Dempsey
Pitching: LHP Alfonso Zapata
Batting: RHB Colt Cabana 0-0: SINGLE (Line Drive, 6MD)
Batting: RHB Brett Callison 0-0: Called Strike
0-1: Ball
1-1: Ball
2-1: Ball
3-1: Swinging Strike
3-2: Strikes out looking
Batting: LHB Ty Tomblin 0-0: Ball
1-0: Ground out U3 (Groundball, 34S)
Colt Cabana to second
Batting: RHB Alfredo Pizarro 0-0: Foul Ball, location: 2F
0-1: Foul Ball, location: 2F
0-2: SINGLE (Line Drive, 7S)
Colt Cabana to third
Runner from 3rd tries for Home, SAFE, throw made home
Alfredo Pizarro to second
Batting: LHB Roberto Sánchez 0-0: Foul Ball, location: 2F
0-1: Fly out, F4 (Flyball, 4MD)
Top of the 8th over - 1 run, 2 hits, 0 errors, 1 left on base; Northern Virginia 2 - Panama City 0
BOTTOM OF THE 8TH
Panama City Piranhas batting - Pitching for Northern Virginia Rainbow Mermaids : RHP Christian Mustard
Pitching: RHP David Hudson
Batting: RHB Baldomero Avino 0-0: Ball
1-0: Called Strike
1-1: Ball
2-1: Ball
3-1: Foul Ball, location: 2F
3-2: Foul Ball, location: 2F
3-2: Strikes out swinging
Batting: LHB Sergio Muńóz 0-0: Ground out 4-3 (Groundball, 4)
Batting: RHB Cale Sutton 0-0: Ball
1-0: Called Strike
1-1: Ball
2-1: Called Strike
2-2: Strikes out swinging
Bottom of the 8th over - 0 runs, 0 hits, 0 errors, 0 left on base; Northern Virginia 2 - Panama City 0
TOP OF THE 9TH
Northern Virginia Rainbow Mermaids batting - Pitching for Panama City Piranhas : LHP Alfonso Zapata
Batting: SHB Eustacio Tafalla 0-0: Foul Ball, location: 2F
0-1: Ball
1-1: Called Strike
1-2: Ball
2-2: Fly out, F9 (Flyball, 9LDF)
Batting: RHB Shohei Kiyomizu 0-0: Ground out 4-3 (Groundball, 4)
Batting: LHB Guillermo Arellano 0-0: Ball
1-0: Ball
2-0: Ball
3-0: Called Strike
3-1: Base on Balls
Batting: RHB Lionel McCloud 0-0: Ball
1-0: Fielders Choice at 2nd, 6-4 (Groundball, 6)
Top of the 9th over - 0 runs, 0 hits, 0 errors, 1 left on base; Northern Virginia 2 - Panama City 0
BOTTOM OF THE 9TH
Panama City Piranhas batting - Pitching for Northern Virginia Rainbow Mermaids : RHP David Hudson
Batting: LHB Jack Sutherland 0-0: Called Strike
0-1: Ground out U3 (Groundball, 34S)
Batting: RHB Armando Alvarado 0-0: Swinging Strike
0-1: Ball
1-1: Ball
2-1: Called Strike
2-2: Strikes out swinging
Batting: SHB Tsing Guao 0-0: Foul Ball, location: 2F
0-1: Swinging Strike
0-2: Ball
1-2: Foul Ball, location: 2F
1-2: Ground out 4-3 (Groundball, 4)
Bottom of the 9th over - 0 runs, 0 hits, 0 errors, 0 left on base; Northern Virginia 2 - Panama City 0
Tuesday, December 19th, 2017 - OOTP Baseball 18.8 Build 76